 Dungeon Crawl Stone Soup version 0.27.0-1-g7a089689b8 (webtiles) character file.

Game seed: 2635128588348273958

53 jiml777 the Gusty (level 3, -1/24 HPs)
             Began as a Demonspawn Air Elementalist on Aug 17, 2021.
             Killed by nerve-wracking pain
             ... invoked by a shadow imp
             ... summoned by Natasha
              (4 damage)
             ... on level 2 of the Dungeon.
             The game lasted 00:13:12 (1657 turns).

jiml777 the Gusty (Demonspawn Air Elementalist)     Turns: 1657, Time: 00:13:13

Health: -1/24      AC:  6    Str:  8    XL:     3   Next: 64%
Magic:  6/6        EV: 12    Int: 17    God:
Gold:   66         SH:  0    Dex: 13    Spells: 3/6 levels left

rFire    . . .     SeeInvis .   g - +0 short sword
rCold    . . .     Faith    .   (no shield)
rNeg     . . .     Spirit   .   b - +0 robe
rPois    .         Reflect  .   (no helmet)
rElec    .         Harm     .   (no cloak)
rCorr    .         Rampage  .   (no gloves)
Will     .....                  (no boots)
Stlth    ++........             (no amulet)
HPRegen  0.08/turn              f - +4 ring of protection
MPRegen  0.10/turn              (no ring)

@: attractive, flying, hasted, very quick
A: claws 1, demonic guardian 1
a: no special abilities


You were on level 2 of the Dungeon.
You visited 1 branch of the dungeon, and saw 2 of its levels.

You collected 66 gold pieces.

Inventory:

Hand Weapons
 g - a +0 short sword (weapon)
Missiles
 d - 21 poisoned darts
 j - 20 stones
 m - 49 bolts
Armour
 a - a +0 robe
 b - a +0 robe (worn)
Jewellery
 f - a +4 ring of protection (left claw)
 i - a ring of wizardry
Scrolls
 e - a scroll of teleportation
 n - a scroll of enchant armour {unknown}


   Skills:
 + Level 0.2 Fighting
 + Level 0.4 Short Blades
 + Level 1.9 Dodging
 + Level 2.2 Stealth
 + Level 2.3 Spellcasting
 + Level 1.3 Conjurations
 + Level 3.4 Air Magic


You had 3 spell levels left.
You knew the following spells:

 Your Spells              Type           Power      Damage    Failure   Level
a - Shock                 Conj/Air       40%        1d5       7%          1
b - Static Discharge      Conj/Air       10%        N/A       11%         2

Your spell library contained the following spells:

 Spells                   Type           Power      Damage    Failure   Level
 Swiftness                Air            13%        N/A       14%         3
 Stone Arrow              Conj/Erth      8%         3d7       38%         3
 Airstrike                Air            6%         N/A       41%         4
 Animate Armour           Summ/Erth      2%         N/A       88%         4
 Lehudib's Crystal Spear  Conj/Erth      2%         10d2      100%        8


Dungeon Overview and Level Annotations

Branches:
Dungeon (2/15)

Altars:
Yredelemnul

Shops:
D:2 ([:

Annotations:
D:2 Natasha


Innate Abilities, Weirdness & Mutations

You have sharp fingernails.
A weak demonic guardian rushes to your aid.


Message History

Natasha claws you.
Natasha stares at you and mumbles some strange words.
You resist with significant effort. The shadow imp gestures at you.
Pain shoots through your body!
Ouch! That really hurt!
A demonic guardian appears!
Your white imp hits the shadow imp.
Your white imp freezes the shadow imp.
The shadow imp completely resists.
Your white imp gestures at the shadow imp.
The puff of frost hits the shadow imp.
The shadow imp resists.
The shadow imp hits you.
* * * LOW HITPOINT WARNING * * *
Natasha barely misses your white imp.
It was a potion of attraction.
You feel attractive to monsters.
Your white imp gestures at the shadow imp.
The puff of frost hits the shadow imp.
The shadow imp resists.
The shadow imp picks up a beetle and eats it.
The shadow imp barely misses you. Natasha claws your white imp!
It was a potion of flight.
You feel very buoyant.
You fly up into the air.
Your white imp hits the shadow imp but does no damage.
The shadow imp hits you.
* * * LOW HITPOINT WARNING * * *
Natasha claws your white imp.
Your white imp dies!
The shadow imp hits you but does no damage.
It was a potion of haste.
You feel yourself speed up. The shadow imp closely misses you.
You closely miss the shadow imp.
The shadow imp is lightly wounded.
The shadow imp barely misses you.
You barely miss the shadow imp.
The shadow imp is lightly wounded.
You feel yourself speed up. The shadow imp gestures at you.
Pain shoots through your body!
You die...

#.....# #..†..# ....).# ####
#.....# #..... #####.....#
#.#### .........# #.#...
######......# #.#.##
#..)........# #.#.#<
#.####.#@#### #.#.#.
####.#...†#5###########.#.#.
...........h................
.###.#)###############.∩#.#.
# #. #####.#.#. #.
#.....#.#. #. #.....#.#. ..
#..)....#. ## ### #.....###.


You could see Natasha and a shadow imp (summoned).

Vanquished Creatures
  2 worms (D:2)
  A dart slug (D:2)
  A ball python (D:2)
  2 endoplasms (D:1)
  2 giant cockroaches (D:1)
  2 goblins (D:1)
  2 hobgoblins (D:1)
  2 quokkas
  3 bats
  4 frilled lizards
  2 kobolds (D:2)
  2 rats (D:2)
25 creatures vanquished.

Vanquished Creatures (collateral kills)
  Natasha (D:2)
  A worm (D:2)
2 creatures vanquished.

Vanquished Creatures (others)
  4 toadstools (D:1)
4 creatures vanquished.

Grand Total: 31 creatures vanquished

Notes
Turn   | Place    | Note
-------+----------+-------------------------------------------
     0 | D:1      | jiml777 the Demonspawn Air Elementalist began the quest for
                  | the Orb.
     0 | D:1      | Reached XP level 1. HP: 13/13 MP: 3/3
   367 | D:1      | Reached skill level 3 in Air Magic
   367 | D:1      | Gained mutation: You have sharp fingernails. [demonic
                  | ancestry]
   367 | D:1      | Reached XP level 2. HP: 19/19 MP: 1/5
   782 | D:1      | Learned a level 2 spell: Static Discharge
   939 | D:2      | Found Merekom's Antique Armour Shoppe.
  1082 | D:2      | Found Luazedid's Antique Weapon Boutique.
  1196 | D:2      | Gained mutation: A weak demonic guardian rushes to your
                  | aid. [demonic ancestry]
  1196 | D:2      | Reached XP level 3. HP: 24/24 MP: 0/6
  1366 | D:2      | Noticed Natasha
  1377 | D:2      | Killed Natasha
  1384 | D:2      | Found Zennuhao's Book Emporium.
  1502 | D:2      | Found a basalt altar of Yredelemnul.
  1643 | D:2      | Noticed Natasha
  1657 | D:2      | Killed from afar by a shadow imp

Illustrated notes

Levels and vault maps discovered:
D:1:      ldierk_walled_garden_2, layout_loops_ring
D:2:      layout_basic, serial_shops, nicolae_shop_behind_doors,
          nicolae_diamond_shop, shop, basic_altar, uniq_natasha, uniq_sigmund,
          uniq_crazy_yiuf_cottage

Skill      XL: |  1 |
---------------+----+-----
Stealth        | 2 |  2.2
Air Magic      | 3 |  3.4
Fighting       | |  0.2
Short Blades   | |  0.4
Dodging        | |  1.9
Spellcasting   | |  2.3
Conjurations   | |  1.3

Action                   || total
-------------------------++-------
Melee: Short sword       ||    31
 Cast: Shock             ||    44
  Use: Scroll            ||     3
       Potion            ||     3
Armor: Robe              ||     8
Dodge: Dodged            ||    33
